 Dungeon Crawl Stone Soup version 0.23-a0-650-ga4d50d4 (webtiles) character file.

8095 Azzok the Grappler (level 11, 87/87 HPs)
             Began as a Demonspawn Fighter on Jan 4, 2019.
             Was an Elder of Cheibriados.
             Quit the game on level 9 of the Dungeon.
             The game lasted 00:16:54 (10397 turns).

Azzok the Grappler (Demonspawn Fighter)            Turns: 10397, Time: 00:16:54

Health: 87/87      AC: 14    Str: 27    XL:     11   Next: 5%
Magic:  17/17      EV:  8    Int: 23    God:    Cheibriados [****..]
Gold:   570        SH: 18    Dex: 22    Spells: 10/10 levels left

rFire    . . .     SeeInvis .     - Unarmed
rCold    . . .     Gourm    .   E - +2 shield
rNeg     . . .     Faith    .   e - quicksilver dragon scales
rPois    .         Spirit   +   (no helmet)
rElec    .         Reflect  .   I - +2 cloak
rCorr    .         Harm     .   (no gloves)
MR       +....                  F - +0 pair of boots
Stlth    ..........             (no amulet)
HPRegen  0.24/turn              y - +3 ring of slaying
MPRegen  0.30/turn              u - ring of attention (curse)

@: very slow
A: hooves 2, large bone plates 2, spiny 1, magic shield, magic regeneration
a: Bend Time, Temporal Distortion, Slouch, Renounce Religion


You were on level 9 of the Dungeon.
You worshipped Cheibriados.
Cheibriados was greatly pleased with you.
You were not hungry.

You visited 2 branches of the dungeon, and saw 10 of its levels.

You collected 570 gold pieces.

Inventory:

Hand Weapons
 o - a +4 quarterstaff of chaos
Armour
 e - quicksilver dragon scales (worn)
 E - a +2 shield (worn)
 F - a +0 pair of boots (worn)
 I - a +2 cloak (worn)
Jewellery
 a - an uncursed ring of magical power
 m - an uncursed ring of fire
 n - an uncursed ring of protection from fire
 p - an uncursed ring of protection from cold
 u - a cursed ring of attention (right hand)
 y - a +3 ring of slaying (left hand)
 A - an uncursed ring of ice
Wands
 l - a wand of flame (3)
 x - a wand of clouds (4)
 z - a wand of iceblast (12)
 C - a wand of paralysis (6)
 D - a wand of disintegration (14)
Scrolls
 b - a scroll of magic mapping
 k - a scroll of fog
 r - 4 scrolls of identify
 s - 2 scrolls of enchant armour
 t - 2 scrolls of teleportation
 v - a scroll of fear
 H - a scroll of enchant weapon {unknown}
Potions
 c - 2 potions of brilliance
 f - 2 potions of lignification
 g - a potion of resistance
 h - 4 potions of flight
 i - a potion of mutation {!q}
 j - a potion of haste
 q - 2 potions of might
 w - 4 potions of curing
 B - a potion of agility
 G - a potion of heal wounds {unknown}
Comestibles
 d - 11 rations


   Skills:
 + Level 8.9 Fighting
 - Level 2.6 Armour
 - Level 2.6 Shields
 + Level 12.2 Unarmed Combat
 + Level 8.5 Invocations


You had 10 spell levels left.
You didn't know any spells.
Your spell library contained the following spells:

 Spells                   Type           Power        Failure   Level  Hunger
 Shock                    Conj/Air       #...         75%         1    ##.....
 Swiftness                Chrm/Air       #.......     86%         2    ###....
 Static Discharge         Conj/Air       #.......     98%         3    ####...
 Airstrike                Air            #.........   100%        4    #####..
 Lightning Bolt           Conj/Air       #.........   100%        5    ######.


Dungeon Overview and Level Annotations

Branches:
Dungeon (9/15)             Temple (1/1) D:6            Lair (0/6) D:8
    Orc (0/2) D:9

Altars:
Ashenzari
Cheibriados
Dithmenos
Elyvilon
Fedhas
Hepliaklqana
Kikubaaqudgha
Makhleb
Nemelex Xobeh
Okawaru
Qazlal
Ru
Sif Muna
Trog
Uskayaw
Vehumet
Wu Jian
Xom
Yredelemnul
The Shining One
Beogh


Innate Abilities, Weirdness & Mutations

You have hoof-like feet.
You are mostly covered in large bone plates. (SH +6)
You are partially covered in sharp spines.
When hurt, damage is shared between your health and your magic reserves.
You regenerate magic rapidly.


Message History

Items here: )) [ ÷ a +0 dagger; a +1 whip of electrocution; a +1 robe the big kobold skeleton of Pikel
Things that are here:
a +2 hand axe of chopping; a +0 chain mail
Items here: )) [[[[ You see here a +0 animal skin.
You see here a +0 short sword.
There is a stone staircase leading up, spattered with blood here.
Things that are here:
a +1 dagger of pain; a +0 robe
Things that are here:
a +0 flail; a +0 dagger of chaos; a +1 robe of positive energy You see here a +0 spear.
You see here a +0 cloak.
Items here: ( ))))) [[[[
Things that are here:
a +5 dire flail; a +0 robe
Found a stone staircase leading down.
Are you sure you want to abandon this character and quit the game? (Confirm

▒········▒ >···
▒········▒ ▒▒ ····
▒▒·······▒ ▒▒▒> ·····
▒·······▒ ▒▒▒··· ·····
▒▒······▒▒▒····· ······
▒▒·····▒······· ······▒
▒·······)··)▒▒
·······▒▒▒▒▒········▒▒·▒
·······@▒▒········▒▒▒···
····▒▒▒········)▒▒▒·····
· ▒▒······▒▒))······
▒▒········)·▒····
▒▒·····<▒▒▒▒▒···
▒······▒▒ ▒··· ▒·······▒
▒▒·· ▒········▒▒ ▒··
▒·········▒▒ ▒▒·


There were no monsters in sight!

Vanquished Creatures
  Pikel (D:9)
  Joseph (D:9)
  Maurice (D:9)
  Psyche (D:9)
  Grinder (D:6)
  A hippogriff (D:7)
  Sigmund (D:3)
  5 yaks
  2 hungry ghosts
  Grum (D:8)
  Menkaure (D:6)
  Edmund (D:5)
  A porcupine (D:8)
  3 phantoms
  An ice beast (D:9)
  6 orc warriors
  4 slaves (D:9)
  2 wolves (D:8)
  3 ogres
  2 centaurs (D:7)
  A crocodile (D:8)
  3 bullfrogs
  4 gnoll sergeants
  2 scorpions
  A water moccasin skeleton (D:4)
  5 killer bees (D:9)
  9 wights (D:9)
  3 electric eels (D:8)
  3 crimson imps
  5 howler monkeys
  A bullfrog zombie (D:7)
  2 quasits
  3 gnoll shamans (D:8)
  7 hounds
  3 jellies
  5 orc priests
  Crazy Yiuf (D:3)
  4 orc wizards
  A bullfrog skeleton (D:5)
  Natasha (twice) (D:3)
  2 iguanas (D:7)
  8 worker ants
  A hound skeleton (D:4)
  24 gnolls
  A howler monkey skeleton (D:9)
  10 adders
  6 shadow imps
  3 adder skeletons
  5 worms
  A dart slug (D:1)
  2 leopard geckos
  41 orcs
  9 bats
  A giant cockroach (D:5)
  5 goblins
  10 hobgoblins
  3 jackals (D:8)
  8 kobolds
  4 quokkas
  2 ball pythons
  7 frilled lizards
  2 leopard gecko skeletons
  6 rats
265 creatures vanquished.

Vanquished Creatures (others)
  3 gnolls (D:8)
  A jackal (D:8)
  3 fungi (D:8)
  A plant (D:8)
8 creatures vanquished.

Grand Total: 273 creatures vanquished

Notes
Turn   | Place    | Note
-------+----------+-------------------------------------------
     0 | D:1      | Azzok the Demonspawn Fighter began the quest for the Orb.
     0 | D:1      | Reached XP level 1. HP: 18/18 MP: 1/1
    23 | D:1      | Reached skill level 2 in Unarmed Combat
    49 | D:1      | Gained mutation: When hurt, damage is shared between your
                  | health and your magic reserves. [demonic ancestry]
    49 | D:1      | Reached XP level 2. HP: 13/24 MP: 2/2
   481 | D:1      | Reached skill level 3 in Unarmed Combat
   666 | D:1      | Reached XP level 3. HP: 29/29 MP: 3/3
  1005 | D:2      | Gained mutation: You regenerate magic rapidly. [demonic
                  | ancestry]
  1005 | D:2      | Reached XP level 4. HP: 34/35 MP: 4/4
  1016 | D:2      | Reached skill level 4 in Unarmed Combat
  1399 | D:2      | Found a basalt altar of Yredelemnul.
  1402 | D:2      | Found a burning altar of Makhleb.
  1405 | D:2      | Found a shattered altar of Ashenzari.
  1584 | D:2      | Found a faded altar of an unknown god.
  1796 | D:2      | Found a deep blue altar of Sif Muna.
  2004 | D:3      | Found a blossoming altar of Fedhas.
  2042 | D:3      | Found a runed door.
  2356 | D:3      | Noticed Sigmund
  2375 | D:3      | Killed Sigmund
  2375 | D:3      | Reached skill level 5 in Unarmed Combat
  2375 | D:3      | Gained mutation: You have large cloven feet. [demonic
                  | ancestry]
  2375 | D:3      | Reached XP level 5. HP: 20/41 MP: 2/5
  2375 | D:3      | Gained mutation: You are partially covered in large bone
                  | plates. (SH +4) [demonic ancestry]
  2375 | D:3      | Reached XP level 6. HP: 23/47 MP: 2/6
  2595 | D:3      | Noticed Natasha
  2603 | D:3      | Killed Natasha
  2603 | D:3      | Reached skill level 6 in Unarmed Combat
  2761 | D:3      | Noticed Natasha
  2771 | D:3      | Killed Natasha
  2841 | D:3      | Noticed Crazy Yiuf
  2850 | D:3      | Killed Crazy Yiuf
  3209 | D:4      | Found a bloodstained altar of Trog.
  3277 | D:4      | Reached skill level 7 in Unarmed Combat
  3277 | D:4      | Reached XP level 7. HP: 19/52 MP: 3/7
  3950 | D:5      | Entered Level 5 of the Dungeon
  3997 | D:5      | Reached skill level 8 in Unarmed Combat
  4189 | D:5      | Gained mutation: You have hoof-like feet. [demonic
                  | ancestry]
  4189 | D:5      | Reached XP level 8. HP: 52/58 MP: 8/8
  4284 | D:5      | Noticed a +0 dagger
  4284 | D:5      | Noticed a +0 dagger
  4288 | D:5      | Found a hide-covered altar of Uskayaw.
  4320 | D:5      | Found a blossoming altar of Fedhas.
  4344 | D:5      | Reached skill level 9 in Unarmed Combat
  4602 | D:6      | Noticed Menkaure
  4837 | D:6      | Noticed Grinder
  4863 | D:6      | Killed Grinder
  4874 | D:6      | Noticed Edmund
  4891 | D:5      | Reached skill level 10 in Unarmed Combat
  4979 | D:5      | Killed Edmund
  5060 | D:6      | Killed Menkaure
  5342 | D:6      | Found a staircase to the Ecumenical Temple.
  5362 | Temple   | Entered the Ecumenical Temple
  5825 | D:7      | Found a snail-covered altar of Cheibriados.
  5845 | D:7      | Gained mutation: You are mostly covered in large bone
                  | plates. (SH +6) [demonic ancestry]
  5845 | D:7      | Reached XP level 9. HP: 64/66 MP: 9/9
  5848 | D:7      | Became a worshipper of Cheibriados the Contemplative
  5970 | D:7      | Found an ancient bone altar of Kikubaaqudgha.
  6107 | D:7      | Reached skill level 5 in Fighting
  6181 | D:7      | Found a hazy altar of Hepliaklqana.
  6542 | D:7      | Found a bloodstained altar of Trog.
  6728 | D:8      | Reached skill level 1 in Invocations
  6776 | D:8      | Reached skill level 11 in Unarmed Combat
  6789 | D:8      | Reached * piety under Cheibriados
  7623 | D:8      | Found an ornate altar of the Wu Jian Council.
  7807 | D:8      | Reached XP level 10. HP: 45/79 MP: 10/13
  8461 | D:8      | Found a staircase to the Lair.
  8625 | D:8      | Noticed Grum
  8631 | D:8      | Reached skill level 5 in Invocations
  8641 | D:8      | Killed Grum
  8763 | D:8      | Reached ** piety under Cheibriados
  9218 | D:9      | Noticed Psyche
  9229 | D:9      | Killed Psyche
  9243 | D:9      | Reached *** piety under Cheibriados
  9488 | D:9      | Noticed Joseph
  9501 | D:9      | Killed Joseph
  9515 | D:9      | Reached skill level 12 in Unarmed Combat
  9647 | D:9      | Found a sparkling altar of Nemelex Xobeh.
  9756 | D:9      | Noticed Maurice
  9774 | D:9      | Reached **** piety under Cheibriados
  9794 | D:9      | Killed Maurice
  9803 | D:9      | Noticed Pikel
  9926 | D:9      | Killed Pikel
  9926 | D:9      | Gained mutation: You are partially covered in sharp spines.
                  | [demonic ancestry]
  9926 | D:9      | Reached XP level 11. HP: 76/87 MP: 13/17
  9988 | D:9      | Found a roughly hewn altar of Beogh.
  9999 | D:9      | Found a staircase to the Orcish Mines.
 10397 | D:9      | Quit the game

Vault maps used:
D:1:      onia_arrival_handbag
D:2:      led_sif_pool, grunt_temple_overflow_diamond,
          chequers_ecumenical_altar_lobes, st_stairs_10
D:3:      minmay_diamond_boxcup, wad_floor_pattern_2, fedhas_altar_2,
          uniq_crazy_yiuf_cottage, uniq_sigmund, uniq_natasha
D:4:      first_ration, trog_hazing_becter
D:5:      lemuel_crystal_altar, dancing_weapons_uskayaw
D:6:      temple_fountains, supply_closet_lemuel, uniq_edmund, uniq_menkaure,
          uniq_grinder
D:7:      nicolae_overflow_crystal_walls, lemuel_doored_altar, kennysheep_mini,
          lemuel_round_altar
D:8:      grunt_lair_entry_orc_guard_hut, basic_altar, serial_gnoll_camp,
          gnoll_camp_huts_moat, gnoll_camp_mini_hut, gnoll_camp_mini_basic,
          gnoll_camp_mini_hut, uniq_grum
D:9:      grunt_temple_overflow_gold_and_silver,
          nemelex_xobeh_ov_fountains_minmay, david_orc_5, uniq_joseph,
          uniq_maurice, uniq_psyche, uniq_pikel
Temple:   nicolae_temple_figure_zero

Skill      XL: |  1  2  3  4  5  6  7  8  9 10 |
---------------+-------------------------------+-----
Unarmed Combat | 2 3 5 7 8 10 11 12 | 12.2
Fighting       | 4 7 8 |  8.9
Invocations    | 4 8 |  8.5
Armour         | |  2.6
Shields        | |  2.6

Action                   |  1- 3 |  4- 6 |  7- 9 | 10-12 || total
-------------------------+-------+-------+-------+-------++-------
Melee: Unarmed           |   118 |   244 |   417 |   292 ||  1071
       Kick              |       |    26 |   114 |    71 ||   211
Evoke: Wand              |       |       |     5 |       ||     5
  Use: Potion            |       |     1 |     1 |     1 ||     3
       Scroll            |       |       |    14 |       ||    14
 Stab: Confused          |       |       |     2 |       ||     2
  Eat: Chunk             |       |     8 |     9 |     6 ||    23
       Ration            |       |       |     2 |       ||     2
Armor: Scale mail        |    14 |       |       |       ||    14
       Quicksilver drago |    34 |    69 |   125 |    90 ||   318
Dodge: Dodged            |    24 |    54 |    90 |    47 ||   215
Block: Shield            |    52 |   132 |   281 |   292 ||   757

Table legend:
 A = Non-vault XP
 B = Vault XP
 C = Vault XP percentage of total XP
 D = Non-vault monster count
 E = Vault monster count
 F = Vault count percentage of total count
                 A         B        C        D         E       F
            +---------+---------+-------+---------+---------+-------
      Total |    6323 |    5242 |  45.3 |     174 |      87 |  33.3
            +---------+---------+-------+---------+---------+-------
        D:1 |      40 |       4 |   9.1 |      14 |       4 |  22.2
        D:2 |      75 |      13 |  14.8 |      19 |       3 |  13.6
        D:3 |      90 |     311 |  77.6 |      12 |       9 |  42.9
        D:4 |     485 |      11 |   2.2 |      18 |       6 |  25.0
        D:5 |     767 |     149 |  16.3 |      15 |       1 |   6.2
        D:6 |     222 |     458 |  67.4 |      15 |       2 |  11.8
        D:7 |    1172 |       0 |   0.0 |      18 |       0 |   0.0
        D:8 |    1201 |    2014 |  62.6 |      25 |      36 |  59.0
        D:9 |    2271 |    2282 |  50.1 |      38 |      26 |  40.6
            +---------+---------+-------+---------+---------+-------
